 Dungeon Crawl Stone Soup version bcrawl-1.19.2-6-g6a88ae04c9 (webtiles) character file.

Game seed: 6345957596068471138

400 Mrkan the Skirmisher (level 6, -18/58 HPs)
             Began as a Hill Orc Monk on Dec 26, 2019.
             Was a Believer of Wu Jian.
             Demolished by an ogre
             ... wielding a +0 giant spiked club
              (23 damage)
             ... on level 4 of the Dungeon.
             The game lasted 00:05:08 (4171 turns).

Mrkan the Skirmisher (Hill Orc Monk)                Turns: 4171, Time: 00:05:09

Health: -18/58     AC: 11    Str: 16    XL:     6   Next: 84%
Magic:  0/8        EV:  8    Int: 10    God:    Wu Jian [**....]
Gold:   258        SH:  1    Dex: 13    Spells: 5/5 levels left

rFire    . . .     SeeInvis .   a - +0 falchion
rCold    . . .     Gourm    .   (no shield)
rNeg     . . .     Faith    .   r - +0 chain mail
rPois    .         Spirit   +   u - +1 helmet
rElec    .         Reflect  .   (no cloak)
rCorr    .         Harm     .   (no gloves)
MR       .....                  (no boots)
Stlth    ..........             d - amulet of guardian spirit
HPRegen  0.19/turn              (no ring)
MPRegen  0.11/turn              (no ring)

@: no status effects
A: no striking features
a: Wall Jump, Serpent's Lash, Renounce Religion


You were on level 4 of the Dungeon.
You worshipped Wu Jian.
Wu Jian was pleased with you.
You were not hungry.

You visited 1 branch of the dungeon, and saw 4 of its levels.

You collected 258 gold pieces.

Inventory:

Hand Weapons
 a - a +0 falchion (weapon)
Missiles
 t - 71 javelins (quivered)
Armour
 r - a +0 chain mail (worn)
 u - a +1 helmet (worn)
Jewellery
 d - an amulet of guardian spirit (around neck)
 q - an uncursed ring of ice {unknown}
Wands
 n - a wand of random effects (7)
 x - a wand of iceblast (9)
Scrolls
 c - a scroll of teleportation {unknown}
 g - 9 scrolls of identify {unknown}
 h - a scroll of immolation {unknown}
 j - a scroll of fog {unknown}
 k - 2 scrolls of remove curse {unknown}
 s - a scroll of enchant weapon {unknown}
Potions
 b - a potion of ambrosia {unknown}
 e - 2 potions of might {unknown}
 i - a potion of resistance {unknown}
 l - a potion of agility {unknown}
 m - 3 potions of flight {unknown}
 o - a potion of cancellation {unknown}
 p - a potion of haste {unknown}
 v - a potion of magic {unknown}
 w - a potion of mutation {unknown}
Comestibles
 f - 6 rations {!d}
 z - a chunk of flesh


   Skills:
 * Level 6.5 Fighting
   Level 6.5 Short Blades
   Level 6.5 Long Blades
   Level 6.5 Axes
   Level 6.5 Maces & Flails
   Level 6.5 Polearms
   Level 6.5 Staves
 + Level 3.6 Armour
 - Level 3.4 Dodging
 - Level 1.7 Stealth
   Level 6.5 Unarmed Combat
   Level 2.6 Invocations


You had 5 spell levels left.
You didn't know any spells.
Your spell library was empty.

Dungeon Overview and Level Annotations

Branches:
Dungeon (4/12)
 Temple: D:4-7

Altars:
Ashenzari
Dithmenos
Gozag
Hepliaklqana
Nemelex Xobeh
Vehumet
Wu Jian
Zin

Shops:
D:4 [

Annotations:
D:4 3 runed translucent doors, Banto's ghost, novice OpTm


Message History

You hit the ogre.
The ogre is moderately wounded.
You hit the ogre.
The ogre is moderately wounded.
The ogre hits you but does no damage.
You hit the ogre.
The ogre is heavily wounded.
You block the ogre's attack.
You hit the ogre.
The ogre is severely wounded.
You hit the ogre.
The ogre is almost dead.
The ogre hits you with a +0 giant spiked club!
* * * LOW HITPOINT WARNING * * *
You hit the ogre.
The ogre is almost dead.
You hit the ogre but do no damage.
The ogre is almost dead.
The ogre hits you with a +0 giant spiked club!!
You die...

#.# ###...###.####..#### ######.#
#...............# #...##.#####
#.#...##+++###.#####
#..........###.##.##w...Z##.##...
#.....####.##.....#..$_...#......
...#..#....##..#.##8..8$.8###)...
####..#.##.##..#.##.$w.. #....
#.......##.....##.8∩ ####....
#.......##.##@#########.......
##.#.##.##...O......#.#....###
#.#..#..........####......#
#.##.#.######.### #......#
#.##.#.# .. #......# #......# ...
#.#....# ######.#### ... #...#..#
#.........# .... ##.###.#
#.#######.# ##.#.##


You could see an ogre.

Vanquished Creatures
  A centaur (D:3)
  An ogre (D:4)
  An orc wizard (D:4)
  Jessica (D:3)
  2 worker ants (D:4)
  3 adders (D:3)
  An ooze (D:4)
  4 worms
  4 dart slugs
  5 leopard geckos
  4 orcs
  5 bats
  4 giant cockroaches
  7 goblins
  10 hobgoblins
  9 jackals
  2 ball pythons
  3 frilled lizards
  9 kobolds
  4 rats
  A bush (D:2)
81 creatures vanquished.

Notes
Turn   | Place    | Note
-------+----------+-------------------------------------------
     0 | D:1      | Mrkan the Hill Orc Monk began the quest for the Orb.
     0 | D:1      | Reached XP level 1. HP: 22/22 MP: 2/2
   104 | D:1      | Reached skill level 5 in Fighting
   181 | D:1      | Reached XP level 2. HP: 29/29 MP: 4/4
   524 | D:1      | Reached skill level 1 in Armour
   686 | D:1      | Reached XP level 3. HP: 33/36 MP: 5/5
  1606 | D:2      | Reached XP level 4. HP: 36/42 MP: 6/6
  2670 | D:3      | Found an ornate altar of the Wu Jian Council.
  2686 | D:3      | Reached XP level 5. HP: 50/50 MP: 7/7
  2692 | D:3      | Became a worshipper of the Wu Jian Council
  2692 | D:3      | Reached * piety under Wu Jian
  2692 | D:3      | Reached ** piety under Wu Jian
  2723 | D:3      | Noticed a centaur
  2741 | D:3      | Killed a centaur
  2944 | D:3      | Found a shadowy altar of Dithmenos.
  3048 | D:3      | Noticed Jessica
  3062 | D:3      | Killed Jessica
  3062 | D:3      | Reached skill level 6 in Fighting
  3062 | D:3      | Reached XP level 6. HP: 43/57 MP: 4/8
  3317 | D:3      | Found a sparkling altar of Nemelex Xobeh.
  3320 | D:3      | Found a shattered altar of Ashenzari.
  3320 | D:3      | Found a glowing silver altar of Zin.
  3328 | D:3      | Found a hazy altar of Hepliaklqana.
  3332 | D:3      | Found a radiant altar of Vehumet.
  3736 | D:4      | Found a runed translucent gate.
  3736 | D:4      | Found a runed translucent gate.
  3736 | D:4      | Found an opulent altar of Gozag.
  3737 | D:4      | Found a runed translucent gate.
  3744 | D:4      | Noticed Banto's ghost (novice OpTm)
  4002 | D:4      | Found Zeheam's Armour Shoppe.
  4171 | D:4      | Demolished by an ogre

Skill      XL: |  1  2  3  4  5  6 |
---------------+-------------------+-----
Fighting       | 5 6 |  6.5
Armour         | 1 2 3 |  3.6
Dodging        | 3 |  3.4
Short Blades   | |  6.5
Long Blades    | |  6.5
Axes           | |  6.5
Maces & Flails | |  6.5
Polearms       | |  6.5
Staves         | |  6.5
Stealth        | |  1.7
Unarmed Combat | |  6.5
Invocations    | |  2.6

Action                   |  1- 3 |  4- 6 || total
-------------------------+-------+-------++-------
Melee: Falchion          |   150 |   342 ||   492
       Punch             |     2 |     7 ||     9
Invok: Whirlwind         |       |    12 ||    12
       Lunge             |       |     5 ||     5
 Stab: Sleeping          |     5 |     1 ||     6
  Eat: Chunk             |     2 |     9 ||    11
Armor: Robe              |    24 |     3 ||    27
       Chain mail        |       |   164 ||   164
Dodge: Dodged            |   153 |   132 ||   285
Block: Other             |     9 |    11 ||    20
